 Dungeon Crawl Stone Soup version 0.30.0-5-g1a98f26d00 (webtiles) character file.

Game seed: 4959919573751954363

80 monsoonserge the Covert (level 4, -2/23 HPs)
             Began as a Spriggan Delver on May 12, 2023.
             Slain by a water moccasin (5 damage)
             ... on level 5 of the Dungeon.
             The game lasted 00:00:35 (59 turns).

monsoonserge the Covert (Spriggan Delver)             Turns: 59, Time: 00:00:36

Health: -2/23      AC:  2    Str:  8    XL:     4   Next: 18%
Magic:  5/5        EV: 18    Int: 11    God:
Gold:   23         SH:  0    Dex: 18    Spells: 3/3 levels left

rFire   . . .        a - +0 short sword
rCold   . . .        (no shield)
rNeg    . . .        b - +0 robe
rPois   .            (helmet restricted)
rElec   .            (no cloak)
rCorr   .            (gloves unavailable)
SInv    +            (boots unavailable)
Will    .....        (no amulet)
Stlth   ++++         (no ring)
HPRegen 0.23/turn    (no ring)
MPRegen 0.09/turn

%: no passive effects
@: very quick
A: very small, no large weapons, unfitting armour, see invisible, speed 3
a: no special abilities


You were on level 5 of the Dungeon.
You visited 1 branch of the dungeon, and saw 1 of its levels.

You collected 23 gold pieces.

Inventory:

Hand Weapons
 a - a +0 short sword (weapon)
Missiles
 i - 4 poisoned darts (quivered)
Armour
 b - a +0 robe (worn)
Wands
 g - a wand of digging (3)
Scrolls
 c - a scroll of fog
 d - a scroll of magic mapping
 e - a scroll of fear
 h - a scroll of poison {unknown}
Potions
 f - a potion of haste


   Skills:
 + Level 2.7 Fighting
 + Level 2.3 Short Blades
 + Level 2.8 Dodging
 + Level 9.2 Stealth


You had 3 spell levels left.
You didn't know any spells.
Your spell library was empty.

Dungeon Overview and Level Annotations

Branches:
Dungeon (5/15)
 Temple: D:4-7

Altars:


Innate Abilities, Weirdness & Mutations

You are very small and have problems with some larger weapons.
You are too small for most types of armour.
You have supernaturally acute eyesight. (SInv)
You cover ground extremely quickly. (Speed+++)


Message History

You hit the water moccasin.
The water moccasin is lightly wounded.
You hear a shout!
The water moccasin completely misses you.
You hit the water moccasin.
The water moccasin is moderately wounded.
The water moccasin bites you!
* * * LOW HITPOINT WARNING * * *
You hit the water moccasin but do no damage.
The water moccasin is moderately wounded.
The water moccasin bites you.
* * * LOW HITPOINT WARNING * * *
An orc comes into view. It is wielding a +0 short sword.
The water moccasin closely misses you.
The orc shouts!
You hit the water moccasin but do no damage.
The water moccasin is moderately wounded.
You hear a shout! x2
The water moccasin barely misses you.
You closely miss the water moccasin.
The water moccasin is moderately wounded.
The water moccasin closely misses you.
Unknown command.
You hit the water moccasin but do no damage.
The water moccasin is moderately wounded.
The water moccasin misses you.
You hit the water moccasin.
The water moccasin is moderately wounded.
The water moccasin barely misses you. The water moccasin closely misses you.
Unknown command.
You hit the water moccasin.
The water moccasin is heavily wounded.
The water moccasin closely misses you.
You hit the water moccasin.
The water moccasin is severely wounded.
The water moccasin barely misses you.
You miss the water moccasin.
The water moccasin is severely wounded.
The water moccasin bites you.
You die...

# ##.. ..# ### #.
..###l#####.. .###
##.#..#....... ...
.......####.. #
..###...##..<....
#.#.#.#.#.###.###>.
#l..#.#...###.# ###
###...###....#
#@#.#)# #.#..#
##S#.#.##....#
#..#S#.#..###...
#$..#.#l#.#.. #....
###.l#
#o#o.###.....# .##
#o##. ......# #.
#(# # ...... s ##
##


You could see a water moccasin, an iguana, an orc wizard, an adder and an orc.

Vanquished Creatures
  A centaur (D:5)
1 creature vanquished.

Notes
Turn   | Place    | Note
-------+----------+-------------------------------------------
     0 | D:5      | monsoonserge the Spriggan Delver began the quest for the
                  | Orb.
     0 | D:5      | Reached XP level 1. HP: 11/11 MP: 2/2
     4 | D:5      | Noticed an iguana
    20 | D:5      | Noticed a centaur
    21 | D:5      | Noticed an iguana
    23 | D:5      | Killed a centaur
    24 | D:5      | Reached skill level 9 in Stealth
    24 | D:5      | Reached XP level 2. HP: 16/16 MP: 3/3
    24 | D:5      | Reached XP level 3. HP: 19/19 MP: 4/4
    24 | D:5      | Reached XP level 4. HP: 23/23 MP: 5/5
    35 | D:5      | Noticed a scorpion
    44 | D:5      | Noticed a water moccasin
    52 | D:5      | HP: 1/23 [water moccasin (1)]
    59 | D:5      | Slain by a water moccasin

Illustrated notes

Levels and vault maps discovered:
D:5:      layout_loops_ring, nicolae_qazlal_general_emergency,
          minmay_starry_boxes, uniq_sigmund

Skill      XL: |  1 |
---------------+----+-----
Stealth        | 9 |  9.2
Fighting       | |  2.7
Short Blades   | |  2.3
Dodging        | |  2.8

Action                     |  1- 3 |  4- 6 || total
---------------------------+-------+-------++-------
  Melee: Short sword       |     1 |    22 ||    23
   Stab: Sleeping          |     1 |       ||     1
  Dodge: Dodged            |       |    18 ||    18
